[Event "*** Titled Tuesday Blitz"]
[Site "Chess.com"]
[Date "2020.10.27"]
[Round "10"]
[White "Kaliopa"]
[Black "Generalas"]
[Result "0-1"]
[WhiteElo "2217"]
[BlackElo "2337"]
[TimeControl "180+1"]
[EndTime "11:56:03 PDT"]
[Termination "Generalas won on time"]

1. a3 e5 2. c4 Nf6 3. d3 d5 4. cxd5 Nxd5 5. Nf3 Nc6 6. e3 Be7 7. Be2 O-O 8. O-O Be6 9. Qc2 a5 10. Nc3 Qd7 11. Bd2 f5 12. Nxd5 Bxd5 13. Bc3 Qe6 14.
Rfe1 Rae8 15. e4 Bb3 16. Qd2 f4 17. d4 exd4 18. Nxd4 Nxd4 19. Bxd4 Rd8 20. Qc3 Rf7 21. Bf3 c5 22. Be5 c4 23. Bd4 b5 24. Qxa5 Rxd4 25.
Qxb5 Rd2 26. Rab1 Bf8 27. a4 Rfd7 28. a5 Qd6 29. e5 Qd4 30. Rf1 Qc5 31. Qxc5 Bxc5 32.
a6 Ra7 33. Bb7 Kf7 0-1

[Event "*** Titled Tuesday Blitz"]
[Site "Chess.com"]
[Date "2020.10.27"]
[Round "10"]
[White "GigaQuparadze"]
[Black "Shubinkirill2003"]
[Result "1-0"]
[WhiteElo "2850"]
[BlackElo "2687"]
[TimeControl "180+1"]
[EndTime "11:56:04 PDT"]
[Termination "GigaQuparadze won by resignation"]

1. e4 e6 2. Qe2 c5 3. c3 Nc6 4. g3 g6 5. Bg2 Bg7 6. h4 h6 7. d3 Nge7 8. Be3 d6 9. Nd2 e5 10. f4 O-O 11. h5 exf4 12. gxf4 d5 13. Bxc5 d4 14. e5 dxc3 15. bxc3 Qa5 16. Nb3 Qxc3+ 17. Qd2 Qxd2+ 18. Kxd2 Rd8 19. hxg6 Nxg6 20. Ne2 Bf5 21.
d4 Rac8 22. Rac1 a5 23. Bb6 a4 24. Na5 Nxa5 25. Bxa5 Rxc1 26. Rxc1 Ra8 27. Bb4 Bg4 28. Rf1 h5 29. Be4 Bh6 30. Bxg6 fxg6 31. d5 h4 32. Rg1 Bf5 33. Ke3 Kh7 34. Nd4 Re8 35. e6 Bg7 36. Nxf5 gxf5 37. Bd6 Bf6 38. Be5 Bd8 39. Kf3 b5 40. Rg7+ Kh6 41. Rb7 Rg8 42. Rxb5 h3 43. Rb1 Bh4 44. Rh1 Rg3+ 45. Ke2 Ra3 46. d6 Rxa2+ 47. Kd3 h2 48. e7 1-0

[Event "*** Titled Tuesday Blitz"]
[Site "Chess.com"]
[Date "2020.10.27"]
[Round "10"]
[White "MartinMatthiesen"]
[Black "VladaSviridova"]
[Result "1-0"]
[WhiteElo "2419"]
[BlackElo "2287"]
[TimeControl "180+1"]
[EndTime "11:56:06 PDT"]
[Termination "MartinMatthiesen won on time"]

1. d4 d5 2. c4 c6 3. Nf3 Nf6 4. Nc3 dxc4 5. a4 Bf5 6. Ne5 Nbd7 7. Nxc4 Qc7 8. g3 e5 9. dxe5 Nxe5 10. Bf4 Nfd7 11. Bg2 f6 12. O-O Be6 13. Nxe5 Nxe5 14. a5 a6 15. Qa4 Be7 16. Nd5 Bxd5 17. Bxd5 O-O-O 18. Bg2 g5 19. Be3 Rd7 20. Bb6 Qd6 21.
Bh3 g4 22. Bxg4 Nxg4 23. Qxg4 h5 24. Qg7 Rf8 25. Rad1 Qe6 26. Rxd7 Qxd7 27. h4 Qe6 28. Qg6 Qxe2 29. Be3 Qf3 30. Qg7 Qe4 31. Rd1 Rd8 32. Rxd8+ Bxd8 33. Qh8 Kd7 34. Qxh5 f5 35. Qf7+ Kc8 36.
h5 Qb1+ 37. Kh2 Qe4 38. h6 Qf3 39. h7 f4 40. Qf5+ Kb8 41. Qxf4+ Qxf4 42. Bxf4+ Ka7 43. h8=Q 1-0

[Event "*** Titled Tuesday Blitz"]
[Site "Chess.com"]
[Date "2020.10.27"]
[Round "10"]
[White "Chessmatus"]
[Black "szefru"]
[Result "1-0"]
[WhiteElo "2408"]
[BlackElo "2264"]
[TimeControl "180+1"]
[EndTime "11:56:08 PDT"]
[Termination "Chessmatus won by checkmate"]

1. e4 Nf6 2. e5 Nd5 3. d4 d6 4.
Nf3 g6 5. Bc4 c6 6. Qe2 Bg7 7. O-O O-O 8. a4 Bg4 9. Re1 dxe5 10.
dxe5 Nd7 11. e6 Bxe6 12. Ng5 Bf5 13. Nd2 e5 14. Nde4 h6 15. Nf3 Nf4 16. Bxf4 exf4 17.
Nd6 Bg4 18. Nxf7 Rxf7 19. Bxf7+ Kxf7 20. Qc4+ Kf8 21. Qxf4+ Nf6 22. Rad1 Qb8 23. Qb4+ Kg8 24. Re7 Bxf3 25. gxf3 b5 26. Qb3+ Kh7 27. Qe6 Qf4 28. Qf7 Rg8 29. Rd8 Qg5+ 30. Kf1 Qc1+ 31. Re1 Qxc2 32.
Rxg8 Nxg8 33. axb5 cxb5 34. Re6 Qc4+ 35. Kg2 a5 36. Qxg6+ Kh8 37. Re4 Qb3 38. Rg4 Qxb2 39.
Qb6 a4 40. Re4 a3 41. Re8 Kh7 42. Qe6 Nf6 43. Qf5# 1-0

[Event "*** Titled Tuesday Blitz"]
[Site "Chess.com"]
[Date "2020.10.27"]
[Round "10"]
[White "NotFischer"]
[Black "Cocaino74"]
[Result "1-0"]
[WhiteElo "2143"]
[BlackElo "2352"]
[TimeControl "180+1"]
[EndTime "11:56:08 PDT"]
[Termination "NotFischer won by checkmate"]

1. e4 a5 2. d4 h5 3. Nf3 h4 4. Nc3 a4 5. Bc4 e6 6. Qe2 Be7 7. O-O d6 8. h3 Nc6 9. d5 Ne5 10. Nxe5 dxe5 11. dxe6 Bxe6 12. Bxe6 fxe6 13. Rd1 Bd6 14.
Be3 Qd7 15. Qc4 Ne7 16. Rd3 O-O 17. Rad1 Rf6 18. Nb5 Qc6 19. Nxd6 cxd6 20. Qxc6 Nxc6 21. Rxd6 Nb4 22. c3 Na6 23. Bg5 Rg6 24. Bxh4 Nc5 25. f3 Kh7 26. Bf2 Na6 27. Kh2 Rf8 28. Rd7 b5 29. R1d6 Nb8 30. Rb7 Rgf6 31. Rxb5 Kh6 32.
Rxe5 g5 33. Be3 Rg8 34. h4 Kh5 35. Bxg5 Rfg6 36. g4# 1-0

[Event "*** Titled Tuesday Blitz"]
[Site "Chess.com"]
[Date "2020.10.27"]
[Round "10"]
[White "FairChess_on_YouTube"]
[Black "Bigfish1995"]
[Result "0-1"]
[WhiteElo "2980"]
[BlackElo "3029"]
[TimeControl "180+1"]
[EndTime "11:56:10 PDT"]
[Termination "Bigfish1995 won by resignation"]

1. d4 d5 2. c4 e6 3. Nc3 h6 4.
Bf4 Nf6 5. e3 a6 6. Rc1 dxc4 7.
Bxc4 Bd6 8. Bxd6 cxd6 9. Nf3 O-O 10. O-O b5 11. Bd3 Bb7 12. Nd2 Nbd7 13. Nce4 Ne8 14. Rc3 Nb6 15. Qh5 f5 16. Ng3 Nf6 17. Qh4 Nbd5 18.
Rcc1 Qa5 19. Nf3 Qxa2 20. e4 fxe4 21. Nxe4 Nb4 22. Bb1 Qxb2 23. Rc7 Bxe4 24. Bxe4 Rac8 25. Rxc8 Rxc8 26. Qh3 Kf7 27. Bb7 Rc1 28. g3 Nd3 29. Rxc1 Qxf2+ 30. Kh1 Nxc1 31. Qg2 Qxg2+ 32. Kxg2 a5 33.
Nd2 a4 34. Bc6 a3 0-1

[Event "*** Titled Tuesday Blitz"]
[Site "Chess.com"]
[Date "2020.10.27"]
[Round "10"]
[White "SantoBlue"]
[Black "scarabee43"]
[Result "1-0"]
[WhiteElo "2828"]
[BlackElo "2565"]
[TimeControl "180+1"]
[EndTime "11:56:10 PDT"]
[Termination "SantoBlue won by checkmate"]

1. Nf3 d5 2. g3 Nf6 3. Bg2 e6 4. c4 Be7 5. b3 O-O 6. Bb2 b6 7.
O-O Bb7 8. d4 Nbd7 9. Nc3 c5 10.
cxd5 Nxd5 11. Nxd5 Bxd5 12. Rc1 Rc8 13. Re1 cxd4 14.
Nxd4 Nf6 15. e4 Bb7 16. Qe2 Bc5 17. Red1 Qe7 18. e5 Nd5 19. Nf5 exf5 20. Bxd5 Bxd5 21. Rxd5 Rfd8 22. Rcd1 Rxd5 23. Rxd5 Rd8 24. Qd3 Rxd5 25. Qxd5 h6 26. Kg2 a5 27. a4 Qe6 28. Qd3 g6 29. h4 Kg7 30. f3 h5 31. Kf1 f4 32.
gxf4 Qh3+ 33. Ke1 Qh1+ 34. Kd2 Qh2+ 35. Kc1 Qxf4+ 36. Kb1 Kh7 37. Qd5 Qf5+ 38. Ka2 Qe6 39. Qe4 Kg7 40. f4 Be7 41. Qe1 Kh7 42. Qf2 f5 43. Bd4 Bd8 44. Qc2 Bxh4 45. Qc7+ Kh6 46. Bxb6 Bg3 47. Bc5 h4 48. Qd8 Kh7 49. Bf8 Kg8 50.
Bh6+ Kh7 51. Bg5 h3 52. Bf6 Qg8 53. Qd7+ Kh6 54. Bg5+ Kh5 55. Qd1# 1-0

[Event "*** Titled Tuesday Blitz"]
[Site "Chess.com"]
[Date "2020.10.27"]
[Round "10"]
[White "shnitez"]
[Black "albano87"]
[Result "0-1"]
[WhiteElo "2423"]
[BlackElo "2328"]
[TimeControl "180+1"]
[EndTime "11:56:16 PDT"]
[Termination "albano87 won on time"]

1. c4 e6 2. Nf3 d5 3. b3 Nf6 4. Bb2 Be7 5. g3 O-O 6. Bg2 c5 7. e3 Nc6 8. O-O Re8 9. Qe2 b6 10. Nc3 Bb7 11. Rfd1 Rc8 12. d4 cxd4 13. exd4 dxc4 14.
bxc4 Na5 15. Ne5 Bxg2 16. Kxg2 Qc7 17. Nb5 Qb7+ 18. Kg1 a6 19. Na3 Nd7 20. Nxd7 Qxd7 21. Rac1 Qa4 22. Qd3 Bxa3 23. Qxa3 Qxa3 24. Bxa3 Rxc4 25.
Rxc4 Nxc4 26. Bb4 b5 27. Kf1 Rc8 28. Ke2 Nb6 29. Bc5 Nd5 30. Kd3 f6 31. f4 Kf7 32. a4 b4 33. a5 Rb8 34. Rb1 Rb5 35. Kc4 Rxa5 36. Bxb4 Ra4 37. Kc5 Nxb4 38. Rxb4 Rxb4 39. Kxb4 Ke7 40. Ka5 Kd6 41. Kxa6 Kd5 42.
Kb6 Kxd4 43. Kc6 e5 44. fxe5 fxe5 45. g4 e4 46. g5 e3 47. Kd6 e2 48. g6 h6 49. Ke7 e1=Q+ 50. Kf7 Qe5 51. h4 Qf6+ 52. Kg8 Qxg6 53. h5 Qxh5 54. Kh8 g5 55. Kh7 g4 56. Kg7 Qg5+ 57. Kf7 g3 58. Ke6 g2 59. Kd7 g1=Q 60.
Kc6 Q1c1+ 61. Kd6 Qcc5+ 62. Kd7 Qb6 63. Ke8 Qa6 64. Kf7 Qaf6+ 0-1

[Event "*** Titled Tuesday Blitz"]
[Site "Chess.com"]
[Date "2020.10.27"]
[Round "10"]
[White "ajian"]
[Black "HouseOfDurin"]
[Result "1-0"]
[WhiteElo "2350"]
[BlackElo "2180"]
[TimeControl "180+1"]
[EndTime "11:56:16 PDT"]
[Termination "ajian won on time"]

1. d4 Nf6 2. c4 c5 3. d5 b5 4.
cxb5 a6 5. bxa6 Bxa6 6. Nc3 d6 7. g3 g6 8. Bg2 Nbd7 9. Nf3 Bg7 10. O-O O-O 11.
Rb1 Ra7 12. b3 Qa8 13. Nh4 Rb8 14. Qc2 Nb6 15. Rd1 Ng4 16. h3 Ne5 17. Bb2 c4 18. b4 Bb7 19. Ra1 Ned7 20. a4 Bxc3 21. Qxc3 f6 22. a5 Nxd5 23. Qxc4 e6 24. e4 Ba6 25. Qc1 Nxb4 26. e5 d5 27. exf6 Nd3 28. Rxd3 Bxd3 29. Qh6 Ne5 30. Bxe5 Rbb7 31. Nf3 Be4 32. Ng5 Rxa5 33.
Rxa5 Qxa5 34. f7+ Rxf7 35. Nxf7 Qe1+ 36. Kh2 Kxf7 37. Qxh7+ Ke8 38. Bd6 1-0

[Event "*** Titled Tuesday Blitz"]
[Site "Chess.com"]
[Date "2020.10.27"]
[Round "10"]
[White "Neftegor"]
[Black "Unknown_IM"]
[Result "1-0"]
[WhiteElo "2463"]
[BlackElo "2335"]
[TimeControl "180+1"]
[EndTime "11:56:17 PDT"]
[Termination "Neftegor won on time"]

1. Nf3 d5 2. c4 c6 3. g3 Nf6 4. Bg2 Bg4 5. cxd5 cxd5 6. Qb3 Qc7 7. Nc3 e6 8. O-O Nc6 9. d3 Be7 10. Bf4 Qb6 11. Nb5 O-O 12. Bc7 Qa6 13. Rfc1 Rac8 14. Bf4 Nh5 15. Be3 Nf6 16. Kf1 Nd7 17. a4 Nde5 18.
Nxe5 Nxe5 19. Nxa7 Rxc1+ 20. Rxc1 Ra8 21. Nc8 Bf8 22.
Nb6 Rd8 23. Bf4 Ng6 24. Bc7 Re8 25.
h3 Bf5 26. g4 Nh4 27. gxf5 exf5 28. Bxd5 Re7 29. Bd8 Re5 30. Bxf7+ Kh8 31. Rc8 Qa5 32. Be7 1-0

[Event "*** Titled Tuesday Blitz"]
[Site "Chess.com"]
[Date "2020.10.27"]
[Round "10"]
[White "midedu"]
[Black "PlotnikovPavel"]
[Result "0-1"]
[WhiteElo "2020"]
[BlackElo "2337"]
[TimeControl "180+1"]
[EndTime "11:56:18 PDT"]
[Termination "PlotnikovPavel won by checkmate"]

1. e4 e5 2. Nf3 Nc6 3. Bc4 Nf6 4. d3 Bc5 5. O-O d6 6. c3 O-O 7.
Re1 a6 8. a4 Ba7 9. Nbd2 Ne7 10. Nf1 Ng6 11. Bb3 c6 12. d4 Qc7 13. h3 h6 14. Ng3 Bd7 15. a5 Rad8 16. Be3 Qb8 17. Qc2 Bc8 18. Ba2 Rfe8 19. Rad1 Nd7 20. Nh2 Ndf8 21.
Ng4 Ne6 22. Nf5 Nef4 23. Nfxh6+ gxh6 24. Nxh6+ Kg7 25. Nxf7 Rd7 26. Ng5 Rde7 27. Kh2 Kf6 28. Nf3 Rh8 29. Ng1 Reh7 30. dxe5+ dxe5 31. Kg3 Bxh3 32. gxh3 Rxh3+ 33. Nxh3 Rxh3+ 34. Kg4 Qc8+ 35. Rd7 Qxd7+ 36.
Be6 Qxe6# 0-1

[Event "*** Titled Tuesday Blitz"]
[Site "Chess.com"]
[Date "2020.10.27"]
[Round "10"]
[White "kreonx"]
[Black "WiktoriaPOL"]
[Result "1-0"]
[WhiteElo "2307"]
[BlackElo "2076"]
[TimeControl "180+1"]
[EndTime "11:56:18 PDT"]
[Termination "kreonx won by checkmate"]

1. e4 c5 2. c4 Nc6 3. Nc3 g6 4. g3 Bg7 5. Bg2 e6 6. Nge2 Nge7 7. Rb1 Nd4 8. Nxd4 cxd4 9. Ne2 d5 10. cxd5 exd5 11. exd5 Bf5 12. d3 Qa5+ 13. Bd2 Qa6 14. d6 Qxd6 15. Qb3 O-O 16. O-O Nc6 17. Bf4 Qd7 18.
Rbd1 Be6 19. Qa3 Bd5 20. Qd6 Qxd6 21. Bxd6 Rfd8 22. Bxd5 Rxd6 23. Bxc6 bxc6 24. Rfe1 Rb8 25. b3 f5 26. Nf4 Kf7 27. Re2 g5 28. Ng2 Re6 29.
Rxe6 Kxe6 30. Rc1 Kd6 31. Ne1 Re8 32. Kf1 h6 33. Nf3 c5 34. Nd2 Kd5 35. Rc4 Rb8 36. Ra4 Rb7 37. Ra6 Re7 38. Nc4 f4 39. Rd6# 1-0

[Event "*** Titled Tuesday Blitz"]
[Site "Chess.com"]
[Date "2020.10.27"]
[Round "10"]
[White "TurboSteen"]
[Black "CraiggoryC"]
[Result "0-1"]
[WhiteElo "2034"]
[BlackElo "2223"]
[TimeControl "180+1"]
[EndTime "11:56:19 PDT"]
[Termination "CraiggoryC won by checkmate"]

1. e4 e6 2. d4 d5 3. Bd3 dxe4 4. Bxe4 Nf6 5. Bf3 c5 6. Be3 Nc6 7. Ne2 cxd4 8. Nxd4 Ne5 9. Nc3 Bb4 10. O-O O-O 11. Qe2 Bxc3 12. bxc3 Nxf3+ 13. Qxf3 a6 14. Bg5 e5 15. Nf5 e4 16. Qf4 Bxf5 17. Qxf5 Qd5 18.
Qf4 Nh5 19. Qh4 h6 20. Be7 Rfe8 21. Rad1 Qe5 22. Bd6 Qg5 23. Qxg5 hxg5 24. c4 Rac8 25. c5 Nf4 26. g3 Ne6 27. Rd5 f6 28. Rb1 Nd8 29. Rb6 Rc6 30. Bb8 Kf7 31. Rd7+ Kg6 32.
Bc7 Rxb6 33. cxb6 Ne6 34. Bd6 Rc8 35. Rxb7 Rxc2 36. Re7 Nd4 37. b7 Nf3+ 38. Kf1 Rc1+ 39. Ke2 Re1# 0-1

[Event "*** Titled Tuesday Blitz"]
[Site "Chess.com"]
[Date "2020.10.27"]
[Round "10"]
[White "Th3_Hound"]
[Black "GelmanAlexander"]
[Result "1-0"]
[WhiteElo "2520"]
[BlackElo "2581"]
[TimeControl "180+1"]
[EndTime "11:56:22 PDT"]
[Termination "Th3_Hound won on time"]

1. e4 c5 2. Nf3 e6 3. d4 cxd4 4. Nxd4 a6 5. Nc3 d6 6. Be3 Nf6 7. f3 b5 8. Qd2 Bb7 9. O-O-O Nbd7 10. a3 Nb6 11. g4 Nfd7 12. h4 Rc8 13. g5 Ne5 14. h5 Be7 15. Rg1 Nbc4 16. Bxc4 Nxc4 17. Qe1 O-O 18. g6 Bf6 19. gxf7+ Rxf7 20. Nxe6 Qa5 21. Bd4 b4 22. Nd5 Bxd5 23. exd5 Nxa3 24. Rg2 Nc4 25. Kb1 Nxb2 26. Bxf6 Rxf6 27. Rxg7+ Kh8 28. Qe4 Rh6 29. Rdg1 Nc4 30. Qxc4 1-0

[Event "*** Titled Tuesday Blitz"]
[Site "Chess.com"]
[Date "2020.10.27"]
[Round "10"]
[White "Sueetin"]
[Black "lelya96"]
[Result "1-0"]
[WhiteElo "2318"]
[BlackElo "2194"]
[TimeControl "180+1"]
[EndTime "11:56:23 PDT"]
[Termination "Sueetin won on time"]

1. d4 d5 2. c4 c6 3. cxd5 cxd5 4.
Bf4 Nc6 5. e3 Nf6 6. Nc3 a6 7. Bd3 Bg4 8. Nge2 e6 9. O-O Bd6 10.
Bxd6 Qxd6 11. Rc1 O-O 12. Na4 Nb4 13. a3 Nxd3 14. Qxd3 b6 15. Ng3 e5 16. dxe5 Qxe5 17.
Qd4 Qxd4 18. exd4 Rab8 19. Rc7 Rfe8 20. Rfc1 h5 21. h3 Bd7 22. Nc3 h4 23. Nf1 Rbc8 24.
Ra7 a5 25. Ne3 Bc6 26. Nf5 Red8 27. Nxh4 g6 28. Nf3 Be8 29. Ne5 Ne4 30. Rb7 b5 31. Nd3 Nd2 32. Nc5 b4 33. axb4 axb4 34. Rxb4 Rb8 35.
Rxb8 Rxb8 36. b3 Nxb3 37. Rb1 1-0

[Event "*** Titled Tuesday Blitz"]
[Site "Chess.com"]
[Date "2020.10.27"]
[Round "10"]
[White "zivicd"]
[Black "akanga001"]
[Result "1-0"]
[WhiteElo "2276"]
[BlackElo "1924"]
[TimeControl "180+1"]
[EndTime "11:56:23 PDT"]
[Termination "zivicd won by resignation"]

1. e4 c6 2. d4 d5 3. Nd2 dxe4 4. Nxe4 Nf6 5. Nxf6+ gxf6 6. c3 h5 7. h4 Bg4 8. f3 Bf5 9. Bf4 e6 10. Bd3 Bxd3 11. Qxd3 Bd6 12. Ne2 Qc7 13. Bxd6 Qxd6 14. O-O-O Na6 15. g4 O-O-O 16. Qe4 Nc7 17. Nf4 hxg4 18.
fxg4 Rdg8 19. Qf3 Nd5 20. Nd3 Nb6 21. Rdg1 Qd5 22. Qxf6 Qxa2 23. g5 Qa1+ 24. Kc2 Qa4+ 25. Kb1 Qc4 26. Ne5 Qd5 27. Qxf7 Qe4+ 28. Ka1 Qd5 29. Qf3 Qa5+ 30. Kb1 Nd5 31. g6 Rf8 32. Nf7 Rhg8 33. h5 Ne7 34. Qf6 Qf5+ 35. Qxf5 Nxf5 36.
Ka2 Ne7 37. Ne5 c5 38. h6 Nxg6 39. Rxg6 cxd4 40. Rxg8 Rxg8 41. h7 Rh8 42. cxd4 Kc7 43. Kb3 Kd6 44. Nf7+ Kd5 45. Nxh8 Kxd4 46. Nf7 1-0

[Event "*** Titled Tuesday Blitz"]
[Site "Chess.com"]
[Date "2020.10.27"]
[Round "10"]
[White "sokidze"]
[Black "Mr_Sinigami"]
[Result "1-0"]
[WhiteElo "2614"]
[BlackElo "2477"]
[TimeControl "180+1"]
[EndTime "11:56:24 PDT"]
[Termination "sokidze won by checkmate"]

1. d4 Nf6 2. g3 g6 3. Bg2 Bg7 4. e4 d6 5. Nc3 O-O 6. Nge2 c6 7. O-O e5 8. a4 a5 9. h3 Na6 10. Be3 Nb4 11. Qd2 Qe7 12. Rad1 Be6 13. f4 Bc4 14. Rfe1 Rfe8 15. b3 Ba6 16. Nc1 h5 17.
Nb1 h4 18. c3 hxg3 19. cxb4 axb4 20. Nd3 Bxd3 21. Qxd3 Nh5 22. Qf1 Qh4 23. fxe5 dxe5 24.
Nd2 exd4 25. Nf3 Qxe4 26. Bxd4 Qc2 27. Bxg7 Kxg7 28. Nd4 Qc3 29. Ne2 Qxb3 30. Nf4 Nf6 31. Rd3 Qc4 32. Rf3 Rxe1 33. Qxe1 Re8 34. Qxg3 Ne4 35.
Nh5+ Kh6 36. Qf4+ Kxh5 37. Rf1 Qc5+ 38. Kh1 Qe5 39. Bf3# 1-0

[Event "*** Titled Tuesday Blitz"]
[Site "Chess.com"]
[Date "2020.10.27"]
[Round "10"]
[White "AlexeiShirov"]
[Black "LubovMarkelova"]
[Result "1-0"]
[WhiteElo "2790"]
[BlackElo "2252"]
[TimeControl "180+1"]
[EndTime "11:56:24 PDT"]
[Termination "AlexeiShirov won on time"]

1. e4 e5 2. Nf3 Nc6 3. Bb5 a6 4. Ba4 Nf6 5. O-O b5 6. Bb3 Bc5 7. a4 Rb8 8. c3 d6 9. d4 Bb6 10. a5 Ba7 11. h3 O-O 12. Be3 Ra8 13. Nbd2 h6 14. Re1 Re8 15. Nf1 Bb7 16. Ng3 exd4 17.
cxd4 Nxe4 18. d5 Nxg3 19. dxc6 Rxe3 20. cxb7 Rxe1+ 21. Nxe1 Rb8 22. Qf3 Qg5 23. Bxf7+ Kh8 24. Bd5 Ne2+ 25. Kf1 Nd4 26. Qe4 Rf8 27. Nd3 Nc2 28.
h4 Ne3+ 29. Ke2 Qxd5 30. Qe7 Rxf2+ 31. Nxf2 1-0

[Event "*** Titled Tuesday Blitz"]
[Site "Chess.com"]
[Date "2020.10.27"]
[Round "10"]
[White "Shield12"]
[Black "Margency"]
[Result "1-0"]
[WhiteElo "2828"]
[BlackElo "2663"]
[TimeControl "180+1"]
[EndTime "11:56:25 PDT"]
[Termination "Shield12 won by resignation"]

1. b3 g6 2. Bb2 Nf6 3. g3 Bg7 4. Bg2 O-O 5. Nf3 a5 6. a3 d6 7. d4 a4 8. b4 Nbd7 9. c4 c6 10.
O-O Nb6 11. Nfd2 Be6 12. Qc2 d5 13. c5 Nbd7 14. Nc3 Bf5 15. Qd1 e5 16. dxe5 Nxe5 17. Nxa4 Re8 18. Nb6 Rb8 19. Re1 h5 20. Bxe5 Rxe5 21.
Nf3 Re7 22. Nd4 Re5 23. Nxf5 Rxf5 24. Ra2 Re5 25. e3 Qe7 26. a4 Rd8 27. Rd2 h4 28. a5 Ne4 29. Rd4 f5 30. Qb3 Kh7 31. Red1 hxg3 32. hxg3 Bh6 33. f4 Re6 34. Bxe4 Rxe4 35.
Rxe4 Qxe4 36. Qd3 Qf3 37. e4 Qxd3 38. Rxd3 fxe4 39. Rd1 g5 40. fxg5 Bxg5 41. Kg2 Kg6 42. b5 Be3 43. a6 Bxc5 44. Na4 Be7 45. a7 Bc5 46. Nxc5 1-0

[Event "*** Titled Tuesday Blitz"]
[Site "Chess.com"]
[Date "2020.10.27"]
[Round "10"]
[White "kai_nov"]
[Black "anon481216"]
[Result "1-0"]
[WhiteElo "2305"]
[BlackElo "2402"]
[TimeControl "180+1"]
[EndTime "11:56:25 PDT"]
[Termination "kai_nov won by checkmate"]

1. d4 d5 2. c4 e6 3. Nc3 Nf6 4. cxd5 exd5 5. Bg5 Be7 6. e3 c6 7.
Bd3 O-O 8. Qc2 Nbd7 9. Nf3 Re8 10. Bf4 Nf8 11. h3 b6 12. O-O-O Bb7 13. Kb1 b5 14. g4 a5 15. Rc1 a4 16. Ne5 N6d7 17. Nxd7 Qxd7 18. Rhg1 Ra5 19. Bf5 Qd8 20. g5 g6 21.
Bd3 Qa8 22. Ne2 b4 23. Qd2 Ne6 24. h4 c5 25. dxc5 Rxc5 26. h5 Rxc1+ 27. Qxc1 Rc8 28.
Qd2 Ba6 29. hxg6 hxg6 30. Be5 Nxg5 31. Nd4 Ne4 32. Bxe4 dxe4 33. Rh1 f6 34. Qd1 Bd3+ 35. Ka1 fxe5 36. Qg4 Qa6 37. Ne6 a3 38. Qxg6# 1-0

[Event "*** Titled Tuesday Blitz"]
[Site "Chess.com"]
[Date "2020.10.27"]
[Round "10"]
[White "davigator"]
[Black "TioCridineno"]
[Result "1-0"]
[WhiteElo "2364"]
[BlackElo "2227"]
[TimeControl "180+1"]
[EndTime "11:56:25 PDT"]
[Termination "davigator won by checkmate"]

1. e4 c5 2. Nf3 d6 3. d4 cxd4 4. Nxd4 Nf6 5. Nc3 a6 6. Bg5 e6 7. f4 h6 8. Bh4 Qb6 9. a3 Be7 10. Bf2 Qc7 11. Bd3 b6 12. Qe2 Bb7 13. O-O-O Nbd7 14. Rhe1 b5 15. g4 g5 16. f5 e5 17.
Nb3 Nb6 18. Kb1 Rc8 19. Na5 Nc4 20. Bxc4 bxc4 21. Nxb7 Qxb7 22. Ka2 Rb8 23. Rb1 Kf8 24. h3 Kg7 25. Qxc4 Rhc8 26. Qd3 Qc6 27. Re2 Nd7 28. Nd5 Bf8 29. h4 Qc4+ 30. Qxc4 Rxc4 31. hxg5 hxg5 32. c3 Nf6 33. Nxf6 Kxf6 34. Rh1 d5 35. Rhe1 Bd6 36. Rd1 Rb5 37. Be1 Ke7 38. Bd2 d4 39.
Bxg5+ f6 40. Bd2 dxc3 41. Bxc3 Bc5 42. Red2 Rxe4 43. Rd7+ Ke8 44. Rd8+ Kf7 45. R1d7+ Be7 46. Bb4 Rexb4 47. axb4 Rxb4 48. Ra8 Kg7 49. Rxe7+ Kh6 50. Rg8 e4 51. Rg6# 1-0

[Event "*** Titled Tuesday Blitz"]
[Site "Chess.com"]
[Date "2020.10.27"]
[Round "10"]
[White "canary2016"]
[Black "Resignify"]
[Result "0-1"]
[WhiteElo "1942"]
[BlackElo "2181"]
[TimeControl "180+1"]
[EndTime "11:56:25 PDT"]
[Termination "Resignify won by checkmate"]

1. d4 Nf6 2. c4 d6 3. Nf3 Nbd7 4. g3 e5 5. dxe5 dxe5 6. Bg2 Bc5 7. O-O O-O 8. Nc3 c6 9. Qc2 Re8 10. Rd1 Qe7 11. Bg5 h6 12. Bxf6 Nxf6 13. Rac1 Bg4 14. a3 a5 15. Rd2 e4 16. Nd4 e3 17. Rdd1 exf2+ 18. Kf1 a4 19. h3 Bh5 20. Nf5 Qe5 21. Bf3 Bg6 22. e4 Bxf5 23. exf5 Qxg3 24. Bg2 Qh2 25.
Be4 Qg1+ 26. Ke2 Qh2 27. Rf1 Qf4 28. b4 axb3 29. Qxb3 Nxe4 30. Nxe4 Rxe4+ 31. Kd1 Rd8+ 32. Kc2 Re2+ 33. Kb1 Qe4+ 34. Ka1 Bd4+ 35. Rc3 Re1+ 36. Rxe1 fxe1=Q+ 37. Kb2 Q4b1# 0-1

[Event "*** Titled Tuesday Blitz"]
[Site "Chess.com"]
[Date "2020.10.27"]
[Round "10"]
[White "Rakesh"]
[Black "FMJoseHerrera"]
[Result "0-1"]
[WhiteElo "2465"]
[BlackElo "2568"]
[TimeControl "180+1"]
[EndTime "11:56:26 PDT"]
[Termination "FMJoseHerrera won by checkmate"]

1. e4 c5 2. c3 Qa5 3. Nf3 e6 4. Bd3 a6 5. O-O b5 6. Bc2 Bb7 7. a4 b4 8. d4 d6 9. Nbd2 bxc3 10. bxc3 Qxc3 11. Rb1 Bc6 12. d5 Bd7 13. dxe6 Bxe6 14. e5 d5 15. Ne4 Qa5 16. Nd6+ Bxd6 17. exd6 Nf6 18. Bg5 Nbd7 19. Qd3 O-O 20. Rb7 c4 21. Qd4 h6 22. Bxh6 gxh6 23. Qf4 Kg7 24. Qg3+ Kh8 25. Qh4 Ng8 26. Qd4+ Ndf6 27. Ne5 Rab8 28. Re7 Qb6 29.
Qf4 d4 30. Be4 d3 31. g4 Kg7 32. g5 Nxe4 33. gxh6+ Nxh6 34. Qxe4 Qxd6 35. Ra7 Bf5 36. Qf4 Bg6 37. Kh1 Qd5+ 38. f3 d2 39. Rd1 Rb1 40. Kg2 Rxd1 41. Rd7 Qxd7 42. Nxd7 Rg1+ 43.
Kf2 d1=Q 44. Qf6+ Kg8 45. Ne5 Qe1# 0-1

[Event "*** Titled Tuesday Blitz"]
[Site "Chess.com"]
[Date "2020.10.27"]
[Round "10"]
[White "IMprovidence"]
[Black "Matols"]
[Result "1-0"]
[WhiteElo "2424"]
[BlackElo "2244"]
[TimeControl "180+1"]
[EndTime "11:56:26 PDT"]
[Termination "IMprovidence won on time"]

1. c4 e5 2. g3 Nf6 3. Bg2 d5 4.
cxd5 Nxd5 5. Nc3 Nb6 6. d3 Be7 7. Be3 O-O 8. Rc1 Nc6 9. a3 Be6 10.
Bxc6 bxc6 11. Nf3 f6 12. O-O Nd5 13. Ne4 Bh3 14. Re1 Nxe3 15. fxe3 Qd5 16. Qc2 f5 17. Nf2 Bg4 18. Qxc6 Rad8 19. Qxd5+ Rxd5 20. Nxg4 fxg4 21. Nd2 Bc5 22. Nc4 e4 23. d4 Be7 24. b4 Bg5 25. Rf1 Re8 26. Rc3 h5 27. Kg2 h4 28. gxh4 Bxh4 29.
Rf4 Rg5 30. Ne5 Kh7 31. Rxc7 Be1 32. Rxe4 g3 33. h4 Rf5 34. Rf4 Ref8 35. Nd3 Bd2 36. Rxf5 Rxf5 37. Kxg3 Bxe3 38. Kg4 Rf1 39. d5 Kg6 40.
h5+ Kf6 41. Rc6+ Kf7 42. Ne5+ Ke7 43. Re6+ 1-0

[Event "*** Titled Tuesday Blitz"]
[Site "Chess.com"]
[Date "2020.10.27"]
[Round "10"]
[White "Roza_Idrisova"]
[Black "garfio2017"]
[Result "0-1"]
[WhiteElo "2179"]
[BlackElo "2243"]
[TimeControl "180+1"]
[EndTime "11:56:28 PDT"]
[Termination "garfio2017 won by resignation"]

1. d4 d5 2. Nf3 c6 3. Bg5 Bf5 4. Nbd2 Nf6 5. e3 Ne4 6. Bf4 f6 7. h3 Nd7 8. c4 e6 9. Be2 Qb6 10. Qb3 Qxb3 11. axb3 Bb4 12. O-O-O a5 13. Nxe4 Bxe4 14.
Bd3 Bg6 15. Bxg6+ hxg6 16. Kc2 g5 17. Bg3 Kf7 18. Nh2 b5 19. c5 e5 20. f3 Rhe8 21.
Ng4 exd4 22. exd4 Re2+ 23. Kb1 Rxg2 24. Rhg1 Rxg1 25. Rxg1 Re8 26. Rg2 Nf8 27. Kc2 Ng6 28. Kd3 Be1 29. Bd6 Re6 30. Re2 Rxd6 31. Rxe1 Re6 32. Rxe6 Kxe6 33. Nf2 f5 34. Ke3 Nf4 35. Kd2 Kf6 36. Ke3 Kg6 37. Nd3 Nxd3 38. Kxd3 Kh5 39. Ke3 Kh4 40. f4 g4 41. hxg4 fxg4 42. f5 Kh5 43. Kf4 Kh4 44. Ke5 g3 45. Kd6 g2 46.
Kxc6 g1=Q 47. Kxd5 Kg5 48. c6 Qc1 49. Kd6 Kxf5 50. c7 g5 51. d5 Ke4 0-1